 Dungeon Crawl Stone Soup version 0.31-a0-237-g2d982f9f85 (webtiles) character file.

Game seed: 14708931451498590312

43 qw the Shooter (level 3, -1/29 HPs)
             Began as a Minotaur Hexslinger on July 10, 2023.
             Slain by a hobgoblin (3 damage)
             ... led by Robin
             ... on level 2 of the Dungeon.
             The game lasted 00:00:22 (931 turns).

qw the Shooter (Minotaur Hexslinger)                 Turns: 931, Time: 00:00:22

Health: -1/29      AC:  5    Str: 12    XL:     3   Next: 37%
Magic:  3/3        EV: 11    Int: 10    God:
Gold:   117        SH:  0    Dex: 14    Spells: 3/4 levels left

rFire   + . .        Y - +1 sling
rCold   . . .        (no shield)
rNeg    . . .        h - +0 ring mail
rPois   .            (helmet restricted)
rElec   .            (no cloak)
rCorr   .            (no gloves)
SInv    .            (no boots)
Will    .....        (no amulet)
Stlth   +            g - ring of protection from fire
HPRegen 0.24/turn    (no ring)
MPRegen 0.08/turn

%: no passive effects
@: no status effects
A: horns 2, retaliatory headbutt
a: no special abilities


You were on level 2 of the Dungeon.
You visited 1 branch of the dungeon, and saw 2 of its levels.

You collected 117 gold pieces.


Innate Abilities, Weirdness & Mutations

You have a pair of horns on your head.
You reflexively headbutt those who attack you in melee.


   Skills:
 - Level 2.0 Fighting
 + Level 3.9 Ranged Weapons
 - Level 2.1 Dodging
 - Level 1.0 Spellcasting
 - Level 2.0 Hexes


You had 3 spell levels left.
You knew the following spells:

 Your Spells              Type           Power      Damage    Failure   Level
a - Slow                  Hex            16%        N/A       34%         1

Your spell library contained the following spells:

 Spells                   Type           Power      Damage    Failure   Level
 Inner Flame              Hex/Fire       2%         N/A       83%         3
 Portal Projectile        Hex/Tloc       4%         N/A       83%         3
 Cause Fear               Hex            2%         N/A       98%         4

Inventory:

Hand Weapons
 Y - a +1 sling (weapon)
Armour
 h - a +0 ring mail (worn)
Jewellery
 g - a ring of protection from fire (left hand)
Scrolls
 a - 3 scrolls of identify
 b - a scroll of vulnerability {unknown}
Potions
 d - a potion of invisibility {unknown}
 e - 2 potions of haste

Dungeon Overview and Level Annotations

Branches:
Dungeon (2/15)

Altars:

Annotations:
D:2 Robin


Message History

The goblin hits you with a +0 club. x4
You shoot a sling bullet.
The sling bullet closely misses the goblin.
The goblin hits you but does no damage. The goblin misses you.
You shoot a sling bullet. The sling bullet hits the goblin.
You kill the goblin!
You shoot a sling bullet. The sling bullet hits the goblin!
You kill the goblin!
The goblin barely misses you. The goblin completely misses you.
You furiously retaliate!
You headbutt the goblin.
You kill the goblin!
You shoot a sling bullet.
The sling bullet barely misses the hobgoblin.
You shoot a sling bullet. The sling bullet hits the hobgoblin.
The hobgoblin is moderately wounded.
The hobgoblin hits you but does no damage.
You shoot a sling bullet.
The sling bullet closely misses the hobgoblin.
A hobgoblin comes into view.
The hobgoblin hits you.
Robin roars a battlecry!
The hobgoblin goes into a battle-frenzy!
The hobgoblin shouts!
You shoot a sling bullet. The sling bullet hits Robin!
Robin is heavily wounded.
The hobgoblin hits you.
Robin points. "Kill!"
Robin barely misses you.
You shoot a sling bullet.
The sling bullet completely misses Robin.
The hobgoblin barely misses you. You furiously retaliate!
You headbutt the hobgoblin. Robin closely misses you.
You shoot a sling bullet.
The sling bullet barely misses the hobgoblin.
The hobgoblin no longer looks unusually strong. x2
The hobgoblin closely misses you. You furiously retaliate!
You headbutt the hobgoblin.
Robin's bangles clink loudly.
Robin hits you but does no damage. The hobgoblin hits you.
You die...

#. #. #. #g####
#.#..
#g#.########
#####g#.........
#....g@..###....
.#
##.###)##.....#
. #......
#.....#
#.#...###
#....#### .#.#.#
###........
..#.#
#....######
#.#.###....# ###
#.#...'....# ..#
# #..####....#


You could see Robin and 3 hobgoblins.

Vanquished Creatures
  A gnoll (D:1)
  2 dart slugs (D:1)
  5 ball pythons (D:1)
  5 endoplasms
  A giant cockroach (D:1)
  4 goblins (D:2)
  A hobgoblin (D:1)
  2 quokkas (D:1)
  3 bats (D:1)
  3 rats
  A spectral goblin (D:1)
28 creatures vanquished.

Notes
Turn   | Place    | Note
-------+----------+-------------------------------------------
     0 | D:1      | qw the Minotaur Hexslinger began the quest for the Orb.
     0 | D:1      | Reached XP level 1. HP: 16/16 MP: 1/1
     0 | D:1      | 0 ||| qw: Version: 0.3-a-52-g30416fa
     0 | D:1      | 0 ||| qw: Game counter: 4975
     0 | D:1      | 0 ||| qw: Melee chars always use a shield: true
     0 | D:1      | 0 ||| qw: God list: Okawaru
     0 | D:1      | 0 ||| qw: Allow faded altars: false
     0 | D:1      | 0 ||| qw: Do Orc after clearing Dungeon:15 true
     0 | D:1      | 0 ||| qw: Do second Lair branch before Depths: true
     0 | D:1      | 0 ||| qw: Lair rune preference: random
     0 | D:1      | 0 ||| qw: Goals: Normal
     0 | D:1      | 0 ||| PLANNING D:1-11
    19 | D:1      | Found a faded altar of an unknown god.
    37 | D:1      | 37 ||| FLEEEEING.
   106 | D:1      | HP: 2/16 [frozen (3)]
   108 | D:1      | Reached skill level 3 in Ranged Weapons
   108 | D:1      | Reached XP level 2. HP: 2/23 MP: 2/2
   114 | D:1      | HP: 1/23 [dart slug/slug dart (2)]
   436 | D:1      | Reached XP level 3. HP: 29/29 MP: 3/3
   732 | D:1      | 732 ||| UPGRADING to +0 ring mail.
   742 | D:1      | 742 ||| DROPPING +0 robe.
   743 | D:1      | 743 ||| UPGRADING to ring of protection from fire.
   744 | D:1      | 744 ||| READING 2 scrolls labelled YREOSM ZURGHUU.
   745 | D:1      | 745 ||| DRINKING 3 glowing ruby potions.
   746 | D:1      | 746 ||| DROPPING scroll of poison.
   917 | D:2      | Noticed Robin
   922 | D:2      | HP: 2/29 [goblin/+0 club[Robin] (6)]
   928 | D:2      | HP: 2/29 [hobgoblin[Robin] (2)]
   931 | D:2      | Slain by a hobgoblin

Levels and vault maps discovered:
D:1:      beargit_arrival_greenhouse, layout_basic,
          dreamdust_ecumenical_altar_drowned_temple, minmay_split_cup_large
D:2:      layout_basic, corexii_shack, uniq_robin

Skill      XL: |  1  2 |
---------------+-------+-----
Ranged Weapons | 3 |  3.9
Fighting       | 2 |  2.0
Dodging        | |  2.1
Spellcasting   | |  1.0
Hexes          | |  2.0

Action                     || total
---------------------------++-------
   Fire: Sling             ||    96
    Use: Scroll            ||     1
         Potion            ||     1
 Armour: Robe              ||     8
         Ring mail         ||     7
  Dodge: Dodged            ||    35

Table legend:
 A = Non-vault XP
 B = Vault XP
 C = Vault XP percentage of total XP
 D = Non-vault monster count
 E = Vault monster count
 F = Vault count percentage of total count
                 A         B        C        D         E       F
            +---------+---------+-------+---------+---------+-------
      Total |      45 |      17 |  27.4 |      19 |       9 |  32.1
            +---------+---------+-------+---------+---------+-------
        D:1 |      42 |      10 |  19.2 |      17 |       5 |  22.7
        D:2 |       3 |       7 |  70.0 |       2 |       4 |  66.7
            +---------+---------+-------+---------+---------+-------
